 Dungeon Crawl Stone Soup version 0.29.1-12-g30fa7ad0bf (webtiles) character file.

Game seed: 7929917991220021909

394 hawla the Firebug (level 7, 0/52 HPs)
             Began as a Meteoran Fire Elementalist on Jan 13, 2023.
             Slain by a black bear (6 damage)
             ... on level 5 of the Dungeon.
             The game lasted 00:07:18 (1134 turns).

hawla the Firebug (Meteoran Fire Elementalist)      Turns: 1134, Time: 00:07:19

Health: 0/52       AC:  2    Str: 11    XL:     7   Next: 31%
Magic:  2/14       EV: 13    Int: 18    God:
Gold:   213        SH:  0    Dex: 14    Spells: 8/15 levels left

rFire   . . .      SeeInvis .   f - +2 flail (venom)
rCold   . . .      Faith    .   (no shield)
rNeg    . . .      Spirit   .   a - +0 robe
rPois   .          Reflect  .   (no helmet)
rElec   .          Harm     .   (no cloak)
rCorr   .          Rampage  .   (no gloves)
Will    .....                   (no boots)
Stlth   +.........              (no amulet)
HPRegen 0.17/turn               (no ring)
MPRegen 0.14/turn               (no ring)

@: brilliant, glowing
A: sense surroundings 1, otherworldly, glowing, explore regen
a: no special abilities


You were on level 5 of the Dungeon.
You visited 2 branches of the dungeon, and saw 6 of its levels.

You collected 213 gold pieces.

Inventory:

Hand Weapons
 f - a +2 flail of venom (weapon)
Armour
 a - a +0 robe (worn)
Scrolls
 e - a scroll of torment {unknown}
 g - a scroll of magic mapping {unknown}
Potions
 c - a potion of degeneration


   Skills:
 + Level 1.0 Fighting
 + Level 0.1 Maces & Flails
 + Level 2.9 Dodging
 - Level 1.4 Stealth
 + Level 4.5 Spellcasting
 + Level 5.2 Conjurations
 + Level 5.7 Fire Magic


You had 8 spell levels left.
You knew the following spells:

 Your Spells              Type           Power      Damage    Failure   Level
a - Foxfire               Conj/Fire      100%       2x1d9     1%          1
b - Scorch                Fire           74%        2d8       1%          2
c - Flame Wave            Conj/Fire      35%        2d10      14%         4

Your spell library contained the following spells:

 Spells                   Type           Power      Damage    Failure   Level
 Conjure Flame            Conj/Fire      35%        6-21      4%          3
 Inner Flame              Hex/Fire       21%        N/A       13%         3
 Confusing Touch          Hex            6%         N/A       38%         3
 Ozocubu's Armour         Ice            6%         N/A       38%         3
 Metabolic Englaciation   Hex/Ice        3%         N/A       98%         5
 Yara's Violent Unravell  Hex/Tmut       3%         3d4       98%         5
 Simulacrum               Ice/Necr       3%         N/A       100%        6
 Enfeeble                 Hex            3%         N/A       100%        7


Dungeon Overview and Level Annotations

Branches:
Dungeon (5/15) Zot: 1883   Temple (1/1) D:4 Zot: 555

Altars:
Cheibriados
Dithmenos
Elyvilon
Gozag
Hepliaklqana
Kikubaaqudgha
Makhleb
Nemelex Xobeh
Okawaru
Sif Muna
Uskayaw
Xom
Zin

Shops:
D:4 =


Innate Abilities, Weirdness & Mutations

You passively map a small area around you.
You are easily found by Zot.
You glow in the dark.
You regain HP and MP as you explore.


Message History

Confirm with . or Enter, or press ? or * to list all spells.
Flames lash the orc.
The orc is severely wounded.
The orc's fire resistance burns away.
The foxfire hits the orc but does no damage.
The orc is severely wounded.
The foxfire hits the orc.
The orc is burned terribly!
You kill the orc!
Your Fighting skill increases to level 1!
The orc hits you with a +0 flail!
You barely miss the orc. The orc hits you with a +0 flail!
Casting: Scorch (safe; 1% risk of failure)
Confirm with . or Enter, or press ? or * to list all spells.
The spell is quite dangerous to miscast (14% risk of failure)!
Continue anyway?
Casting: Flame Wave (quite dangerous; 14% risk of failure)
Press: ? - help, Dir - look around, f - activate A wave of flame ripples out!
The flame wave engulfs the orc!
You kill the orc! (Press . to intensify the flame waves.)
You hear an angry hiss.
You hear a howl!
An adder comes into view.
A wave of flame ripples out!
The flame wave engulfs the black bear.
The black bear is lightly wounded.
The black bear bites you! The black bear claws you. x2
A wave of flame ripples out!
The flame wave engulfs the black bear!
The black bear is severely wounded.
You finish channelling waves of flame.
The black bear goes berserk!
Unknown command.
As you read the scroll labelled DUELOI LUDE, it crumbles to dust.
It is a scroll of identify.
c - a potion of degeneration The black bear bites you!
The black bear claws you.
* * * LOW HITPOINT WARNING * * *
The black bear claws you!
* * * LOW HITPOINT WARNING * * *
It was a potion of brilliance.
You feel clever all of a sudden.
The black bear bites you but does no damage.
The black bear claws you.
You die...

#,#....[......#* #)...
,
*#.#........##..#*#....
##.#.......####..##.#..
* ** ..........#
#.##.### ,
**#.......[#* .##.# .*
##.......# ......# *
...##.......#.......
.#.......)........ .. ,
....S..@h###).....
.###....).# ...... , *
###.#..# #..... , *
,,§..#.... ..... ,
...)§..........
................
............. .#....
....... ,,


You could see a black bear (berserk) and an adder.

Vanquished Creatures
  Edmund (D:4)
  A necrophage (D:4)
  A scorpion (D:4)
  A howler monkey (D:4)
  A hound (D:4)
  An orc priest (D:5)
  2 adders
  2 worms
  2 dart slugs
  7 orcs
  2 ball pythons (D:4)
  4 endoplasms (D:4)
  A giant cockroach (D:3)
  3 goblins (D:4)
  2 hobgoblins (D:4)
  A quokka (D:4)
  A bat (D:2)
  2 kobolds (D:4)
35 creatures vanquished.

Vanquished Creatures (others)
  87 foxfires
87 creatures vanquished.

Grand Total: 122 creatures vanquished

Notes
Turn   | Place    | Note
-------+----------+-------------------------------------------
     0 | D:1      | hawla the Meteoran Fire Elementalist began the quest for
                  | the Orb.
     0 | D:1      | Reached XP level 1. HP: 14/14 MP: 5/5
    71 | D:2      | Reached XP level 2. HP: 15/20 MP: 2/6
   192 | D:3      | Reached XP level 3. HP: 17/26 MP: 4/8
   259 | D:4      | Learned a level 2 spell: Scorch
   285 | D:4      | Found Ituwekli's One-of-a-Kind Rings.
   330 | D:4      | Noticed a howler monkey
   332 | D:4      | Killed a howler monkey
   333 | D:4      | Reached XP level 4. HP: 33/33 MP: 4/10
   334 | D:4      | Found a hazy altar of Hepliaklqana.
   334 | D:4      | Found a white marble altar of Elyvilon.
   339 | D:4      | Noticed a scorpion
   340 | D:4      | Learned a level 4 spell: Flame Wave
   340 | D:4      | Noticed a necrophage
   349 | D:4      | Killed a scorpion
   350 | D:4      | Reached XP level 5. HP: 38/38 MP: 0/11
   400 | D:4      | Found a sparkling altar of Nemelex Xobeh.
   546 | D:4      | Found a shadowy altar of Dithmenos.
   547 | D:4      | Found a snail-covered altar of Cheibriados.
   590 | D:4      | Noticed Edmund
   601 | D:4      | Killed Edmund
   602 | D:4      | Reached skill level 5 in Conjurations
   602 | D:4      | Reached skill level 5 in Fire Magic
   602 | D:4      | Reached XP level 6. HP: 31/46 MP: 0/13
   641 | D:4      | Found a burning altar of Makhleb.
   641 | D:4      | Found a staircase to the Ecumenical Temple.
   678 | Temple   | Entered the Ecumenical Temple
   678 | Temple   | Found a transporter.
   678 | Temple   | Found a transporter.
   680 | Temple   | Found a transporter.
   680 | Temple   | Found a transporter.
   888 | D:4      | Reached XP level 7. HP: 39/51 MP: 6/14
  1089 | D:5      | Entered Level 5 of the Dungeon
  1128 | D:5      | Reached skill level 1 in Fighting
  1134 | D:5      | Slain by a black bear

Illustrated notes

Levels and vault maps discovered:
D:1:      dpeg_arrival_line_fractal, layout_loops_ring,
          ebering_ecumenical_altar_mist
D:2:      layout_basic, minmay_misc_feat_square, lexackson_kobold_supper
D:3:      layout_basic, serial_shops, nicolae_shop_stone
D:4:      layout_basic, kennysheep_little_box, jmf_multi_god_temple,
          amcnicky_altar_gilded, nicolae_overflow_squiral, temple_statues,
          serial_rivers, chequers_serial_rivers_large_a,
          chequers_serial_rivers_marsh, chequers_serial_rivers_small_b,
          chequers_serial_rivers_small_b, chequers_serial_rivers_micro_e,
          nicolae_shop_unique_rings, minmay_surrounded, uniq_edmund
D:5:      layout_rooms, yredelemnul_forgotten_temple_becter, kennysheep_boxes,
          uniq_duvessa
Temple:   hellmonk_temple_divided_pantheon

Skill      XL: |  1  2  3  4  5  6  7 |
---------------+----------------------+-----
Fire Magic     | 4 5 |  5.7
Spellcasting   | 3 4 |  4.5
Conjurations   | 3 5 |  5.2
Fighting       | 1 |  1.0
Maces & Flails | |  0.1
Dodging        | |  2.9
Stealth        | |  1.4

Action                   |  1- 3 |  4- 6 |  7- 9 || total
-------------------------+-------+-------+-------++-------
Melee: Unarmed           |    23 |     4 |       ||    27
       Flail             |       |     4 |     1 ||     5
 Cast: Foxfire           |    24 |    21 |     8 ||    53
       Scorch            |     2 |     9 |     5 ||    16
       Flame Wave        |       |       |     2 ||     2
  Use: Potion            |     1 |     1 |     1 ||     3
       Scroll            |     1 |       |     1 ||     2
Armor: Robe              |    12 |     2 |     1 ||    15
Dodge: Dodged            |    17 |    12 |     1 ||    30
